 Dungeon Crawl Stone Soup version 0.20.1-1-g8b1a95d (webtiles) character file.

39 jmlagarto the Sneak (level 3, -6/18 HPs)
             Began as a Spriggan Assassin on Aug 18, 2017.
             Mangled by Crazy Yiuf
             ... wielding a +3 quarterstaff of chaos
              (18 damage)
             ... on level 2 of the Dungeon.
             The game lasted 00:06:16 (1777 turns).

jmlagarto the Sneak (Spriggan Assassin)             Turns: 1777, Time: 00:06:17

Health: -6/18      AC:  3    Str:  7    XL:     3   Next: 28%
Magic:  3/3        EV: 18    Int: 12    God:
Gold:   49         SH:  0    Dex: 18    Spells: 2/2 levels left

rFire    . . .     SeeInvis +   a - +2 dagger
rCold    . . .     Gourm    .   (shield restricted)
rNeg     . . .     Faith    .   c - +0 robe
rPois    .         Spirit   .   (helmet restricted)
rElec    .         Reflect  .   d - +0 cloak
rCorr    .         Harm     .   (gloves unavailable)
MR       .....                  (boots unavailable)
Stlth    ++++......             (no amulet)
Regen    0.1/turn               (no ring)
MPRegen  0.1/turn               (no ring)

@: very quick
A: unfitting armour, see invisible, herbivore 3, speed 3, low mp 1, slow
metabolism 2, subdued magic 1
a: no special abilities


You were on level 2 of the Dungeon.
You were not hungry.

You visited 1 branch of the dungeon, and saw 2 of its levels.

You collected 49 gold pieces.

Inventory:

Hand Weapons
 a - a +2 dagger (weapon)
 b - a +0 blowgun
 j - a -3 hand axe
 l - a +1 mace of crushing
 m - a cursed -2 mace
 n - a +1 mace of venom
 o - a cursed -3 mace
 p - a cursed -3 mace
 q - a +1 mace of holy wrath
Missiles
 e - 8 poisoned needles
 f - 2 curare-tipped needles
Armour
 c - a +0 robe (worn)
 d - a +0 cloak (worn)
Potions
 i - a potion of brilliance {unknown}
 k - a potion of resistance {unknown}
Comestibles
 g - a bread ration
 h - a royal jelly


   Skills:
 + Level 1.7 Fighting
 + Level 2.6 Short Blades
 + Level 2.2 Throwing
 + Level 2.3 Dodging
 + Level 6.7 Stealth


You had 2 spell levels left.
You didn't know any spells.

Dungeon Overview and Level Annotations

Branches:
Dungeon (2/15)

Altars:

Annotations:
D:2 Crazy Yiuf


Innate Abilities, Weirdness & Mutations

You are very small and have problems with some larger weapons.
You are too small for most types of armour.
You have supernaturally acute eyesight. (SInv)
You are a herbivore.
You cover ground extremely quickly.
You need consume almost no food.
Your magical capacity is low. (-10% MP)
Your spells are a little easier to cast, but a little less powerful.


Message History

You see here a runed mace.
q - a runed mace
Found a mace.
You see here a mace.
You open the door.
Crazy Yiuf the Enlightened comes into view.
He is wielding a quarterstaff of chaos.
Found a mace.
There is an open door here.
Crazy Yiuf shouts!
You barely miss Crazy Yiuf.
Crazy Yiuf hits you with a quarterstaff of chaos.
You hit Crazy Yiuf.
Crazy Yiuf is lightly wounded.
Crazy Yiuf closely misses you.
You hit Crazy Yiuf.
Crazy Yiuf is moderately wounded.
Crazy Yiuf hits you with a quarterstaff of chaos.
You are electrocuted!
Ouch! That really hurt!
You die...

#))....))#
..
##)))).)))#
#)))))..))#
#).))).)))#
#))))).)))#
#.))).))))#
#))##'##)##
#))#...#)#
#.)#.@.#))
#))#)g.#))#
##)##### )#
#)) ####


You could see Crazy Yiuf.

Vanquished Creatures
  4 dart slugs (D:1)
  A bat (D:2)
  2 giant cockroaches (D:1)
  6 goblins
  4 hobgoblins
  2 jackals (D:1)
  6 kobolds (D:1)
  2 rats (D:1)
27 creatures vanquished.

Notes
Turn   | Place    | Note
-------+----------+-------------------------------------------
     0 | D:1      | jmlagarto the Spriggan Assassin began the quest for the Orb.
     0 | D:1      | Reached XP level 1. HP: 10/10 MP: 2/2
    47 | D:1      | Reached skill level 6 in Stealth
   113 | D:1      | Gained mutation: Your magical capacity is low. (-10% MP) [potion of mutation]
   113 | D:1      | Gained mutation: Your spells are a little easier to cast, but a little less powerful. [potion of mutation]
   415 | D:1      | Reached XP level 2. HP: 14/14 MP: 2/2
  1269 | D:1      | Reached XP level 3. HP: 8/18 MP: 3/3
  1730 | D:2      | Found a runed door.
  1771 | D:2      | Noticed Crazy Yiuf
  1777 | D:2      | Mangled by Crazy Yiuf

Skill      XL: |  1  2 |
---------------+-------+-----
Stealth        | 6 |  6.7
Dodging        | 2 |  2.3
Fighting       | |  1.7
Short Blades   | |  2.6
Throwing       | |  2.2

Action                   || total
-------------------------++-------
Melee: Dagger            ||   117
       Hand axe          ||     4
 Fire: Blowgun           ||    10
  Use: Potion            ||     1
       Scroll            ||     2
 Stab: Sleeping          ||     4
Armor: Robe              ||    17
Dodge: Dodged            ||    94
